AoeStats
← Cpt Wetbeard

Black Forest

503204792Analyzed
3v3 RM · 3mo ago on Aug 30, 2026· 30m 1s· 6 players
Game mode
Random Map
Map size
Normal (6 player)
Population
200
Speed
Normal
Resources
Standard
Victory
Conquest
Starting age
Dark Age
Ending age
Imperial Age
RankedLock teamsTeams togetherTeam positionsShared explorationLock speedFull tech treeHidden civsTurbo modeCheats
Victory
Defeat
🇵🇾 Vikings · Paraguay
879
+15
🇹🇷 Spanish · Türkiye
872
+15
🇦🇷 Tupi · Argentina
855
+16
vs
🇸🇪 Bohemians · Sweden
872
-16
🇬🇧 Turks · United Kingdom
849
-15
🇵🇪 Teutons · Peru
846
-21
-Slipstream/Matt
6:27 Loom
10:49 Feudal Age
12:12 Horse Collar
12:19 Double-Bit Axe
17:25 Castle Age
17:26 Gold Mining
19:04 Bow Saw
22:00 Scale Barding Armor
24:19 Husbandry
24:32 Bloodlines
24:25 Husbandry
25:32 Wheelbarrow
26:39 Heavy Plow
27:19 Gold Shaft Mining
27:14 Fletching
27:26 Padded Archer Armor
29:37 Ballistics
Cpt Wetbeard
0:26 Loom
14:24 Feudal Age
15:27 Double-Bit Axe
15:39 Horse Collar
20:15 Castle Age
18:37 Double-Bit Axe
22:26 Forging
22:16 Scale Mail Armor
23:51 Pikeman
28:07 Chemistry
28:31 Heavy Plow
28:44 Bow Saw
Jusagh
11:33 Feudal Age
23:17 Loom
24:22 Double-Bit Axe
WololoPy
6:18 Loom
13:34 Feudal Age
13:38 Man-at-Arms
17:53 Arson
20:23 Forging
22:01 Scale Mail Armor
25:02 Castle Age
24:49 Double-Bit Axe
24:46 Horse Collar
25:32 Long Swordsman
27:13 Chain Mail Armor
28:22 Bow Saw
maloni12
3:26 Loom
12:24 Feudal Age
13:23 Horse Collar
13:32 Double-Bit Axe
21:17 Castle Age
21:03 Stone Mining
21:06 Gold Mining
22:23 Heavy Plow
22:36 Bow Saw
23:40 Champi Runner
24:15 Fletching
24:26 Padded Archer Armor
24:38 Forging
24:28 Scale Mail Armor
25:26 Wheelbarrow
26:29 Gold Shaft Mining
26:56 Squires
27:11 Heated Shot
28:42 Iron Casting
28:22 Chain Mail Armor
27:31 Champi Warrior
28:37 Treadmill Crane
29:51 Arson
wnyyreew7z
1:24 Loom
13:19 Feudal Age
17:18 Castle Age
16:30 Double-Bit Axe
16:27 Horse Collar
16:54 Stone Mining
16:59 Town Watch
19:29 Bow Saw
Connection lost

Rejoining the realm…

Still unreachable

The connection could not be restored.

Session expired

The server has moved on; the page needs a fresh start.